 Dungeon Crawl Stone Soup version 0.30-a0-1116-gebefce21f7 (webtiles) character file.

Game seed: 15030976192904722370

16249 retardedninja the Thaumaturge (level 12, -2/91 HPs)
             Began as a Gnoll Fire Elementalist on Apr 21, 2023.
             Was the Champion of Cheibriados.
             Slain by a bog body (28 damage)
             ... on level 3 of the Lair of Beasts.
             The game lasted 00:24:20 (19247 turns).

retardedninja the Thaumaturge (GnFE)               Turns: 19247, Time: 00:24:20

Health: -2/91      AC: 11    Str: 24    XL:     12   Next: 35%
Magic:  16/25      EV: 21    Int: 34    God:    Cheibriados [******]
Gold:   679        SH:  0    Dex: 27    Spells: 22/29 levels left

rFire   + . .      SeeInvis .    y - staff of fire
rCold   . . .      Faith    .    (no shield)
rNeg    . . .      Spirit   .    z - +2 robe
rPois   +          Reflect  .    e - +2 helmet
rElec   .          Rampage  .    (no cloak)
rCorr   .                        m - +2 pair of gloves
Will    +....                    (no boots)
Stlth   +++++                    (no amulet)
HPRegen 0.35/turn                A - ring of willpower
MPRegen 0.19/turn                r - ring of poison resistance

@: very slow
A: fangs 1, strong nose, distributed training
a: Renounce Religion, Bend Time, Temporal Distortion, Slouch, Step From Time


You were on level 3 of the Lair of Beasts.
You worshipped Cheibriados.
Cheibriados was exalted by your worship.
You visited 3 branches of the dungeon, and saw 14 of its levels.

You collected 679 gold pieces.

Inventory:

Missiles
 a - 2 throwing nets
Armour
 e - a +2 helmet (worn)
 m - a +2 pair of gloves (worn)
 z - a +2 robe (worn)
Magical Staves
 y - a staff of fire (weapon)
Jewellery
 r - a ring of poison resistance (right hand)
 A - a ring of willpower (left hand)
Wands
 g - a wand of mindburst (19)
 l - a wand of charming (9)
 u - a wand of polymorph (10)
 w - a wand of flame (56)
 C - a wand of iceblast (4)
Scrolls
 c - 3 scrolls of fear {unknown}
 d - a scroll of acquirement {unknown}
 f - 5 scrolls of teleportation
 i - 4 scrolls of magic mapping
 o - a scroll of silence {unknown}
 p - 2 scrolls of enchant armour
 s - a scroll of identify
 t - a scroll of torment
 v - a scroll of summoning {unknown}
 B - a scroll of blinking
 D - 4 scrolls of amnesia
 E - a scroll of noise {unknown}
 F - 3 scrolls of poison
Potions
 b - 2 potions of magic
 h - 2 potions of attraction
 j - 3 potions of curing
 k - a potion of berserk rage {unknown}
 n - a potion of flight {unknown}
 q - a potion of mutation
 x - 3 potions of brilliance {unknown}
 G - a potion of heal wounds


   Skills:
 + Level 7.5 Fighting
 + Level 7.5 Short Blades
 + Level 7.5 Long Blades
 + Level 7.5 Axes
 + Level 7.5 Maces & Flails
 + Level 7.5 Polearms
 + Level 7.5 Staves
 + Level 7.5 Ranged Weapons
 + Level 7.5 Throwing
 + Level 7.5 Armour
 + Level 8.9 Dodging
 + Level 8.6 Stealth
 + Level 7.5 Shields
 + Level 7.5 Unarmed Combat
 + Level 9.1 Spellcasting
 + Level 6.6 Conjurations
 + Level 6.2 Hexes
 + Level 6.2 Summonings
 + Level 6.2 Necromancy
 + Level 6.2 Translocations
 + Level 6.2 Transmutations
 + Level 8.4 Fire Magic
 + Level 6.2 Ice Magic
 + Level 6.2 Air Magic
 + Level 6.2 Earth Magic
 + Level 6.2 Poison Magic
 + Level 8.2 Invocations
 + Level 7.5 Evocations


You had 22 spell levels left.
You knew the following spells:

 Your Spells              Type           Power      Damage    Failure   Level
a - Foxfire               Conj/Fire      100%       2x1d9     1%          1
b - Scorch                Fire           100%       2d9       1%          2
c - Flame Wave            Conj/Fire      79%        2d17      1%          4

Your spell library contained the following spells:

 Spells                   Type           Power      Damage    Failure   Level
 Magic Dart               Conj           100%       1d8       1%          1
 Shock                    Conj/Air       100%       1d9       1%          1
 Call Imp                 Summ           100%       N/A       1%          2
 Static Discharge         Conj/Air       100%       2-7/arc   1%          2
 Call Canine Familiar     Summ           55%        N/A       1%          3
 Gell's Gravitas          Tloc           55%        N/A       1%          3
 Inner Flame              Hex/Fire       78%        N/A       1%          3
 Mephitic Cloud           Conj/Pois/Air  56%        N/A       1%          3
 Portal Projectile        Hex/Tloc       100%       N/A       1%          3
 Swiftness                Air            55%        N/A       1%          3
 Teleport Other           Tloc           55%        N/A       1%          3
 Tukima's Dance           Hex            55%        N/A       1%          3
 Volatile Blastmotes      Fire/Tloc      100%       2d18      1%          3
 Fulminant Prism          Conj/Hex       28%        3d14      1%          4
 Iskenderun's Mystic Bla  Conj/Tloc      56%        2d12      1%          4
 Sticky Flame             Conj/Fire      79%        2d9       1%          4
 Airstrike                Air            27%        2d(4-20)  2%          4
 Leda's Liquefaction      Hex/Erth       27%        N/A       2%          4
 Olgreb's Toxic Radiance  Pois           55%        N/A       2%          4
 Summon Lightning Spire   Summ/Air       55%        N/A       2%          4
 Blade Hands              Tmut           27%        N/A       6%          5
 Irradiate                Conj/Tmut      28%        3d21      6%          5
 Lee's Rapid Deconstruct  Erth           27%        3d15*     6%          5
 Dispersal                Tloc           27%        N/A       34%         6
 Statue Form              Tmut/Erth      36%        N/A       34%         6
 Dragon Form              Tmut           27%        N/A       88%         7
 Ignition                 Fire           41%        3d12      99%         8
 Discord                  Hex            27%        N/A       100%        8


Dungeon Overview and Level Annotations

Branches:
Dungeon (10/15)            Temple (1/1) D:6            Lair (3/5) D:8
  Swamp (0/4) Lair:3       Spider (0/4) Lair:3          Orc (0/2) D:9

Altars:
Ashenzari
Cheibriados
Dithmenos
Elyvilon
Fedhas
Gozag
Hepliaklqana
Kikubaaqudgha
Makhleb
Nemelex Xobeh
Okawaru
Qazlal
Ru
Sif Muna
Trog
Uskayaw
Vehumet
Wu Jian
Xom
Yredelemnul
Zin
The Shining One

Shops:
D:3 [   D:9 =   D:10 (

Annotations:
D:3 1 runed translucent door, Crazy Yiuf
D:9 1 runed translucent door, jasper's ghost, novice TrDe
D:10 Nergalle


Innate Abilities, Weirdness & Mutations

You have very sharp teeth.
Your uncanny sense of smell can sniff out nearby items.
Your experience applies equally to all skills.


Message History

Press: ? - help, Dir - look around, f - activate You feel a surge of power!
A wave of flame ripples out!
The flame wave engulfs the bog body!
The bog body resists.
The bog body is moderately damaged. (Press . to intensify the flame waves.)
The bog body completely misses you.
A wave of flame ripples out!
The flame wave engulfs the bog body!
The bog body resists.
The bog body is heavily damaged.
The bog body touches you. The bog body freezes you!!
Unknown command.
A wave of flame ripples out!
The flame wave engulfs the bog body!
The bog body resists.
The bog body is severely damaged.
You finish channelling waves of flame.
The bog body points at you and mumbles some strange words.
You resist with almost no effort.
Unknown command.
The bog body touches you. The bog body freezes you!!
* * * LOW HITPOINT WARNING * * *
You feel much better.
The bog body points at you and mumbles some strange words.
The bolt of cold hits you!!
* * * LOW HITPOINT WARNING * * *
You feel much better. The bog body touches you. The bog body freezes you!
Casting: Flame Wave (mildly dangerous; 1% risk of failure)
Confirm with . or Enter, or press ? or * to list all spells.
Casting: Flame Wave (mildly dangerous; 1% risk of failure)
Press: ? - help, Dir - look around, f - activate You feel a surge of power!
A wave of flame ripples out!
The flame wave engulfs the bog body!
The bog body resists.
The bog body is lightly damaged.
The flame wave engulfs the bog body!
The bog body resists.
You destroy the bog body!
Cheibriados appreciates the change of pace. (Press . to intensify the flame waves.)
The bog body touches you.
* * * LOW HITPOINT WARNING * * *
The bog body freezes you!!
You die...

#.P###.## .#
##.
#..P#P..####^#
#..
#............#
###
#......P#.#..#
## #......P#.#
.# #.
#.......# # ##
#......#### #
##|........#..
#.#
#.....@n......
..
##.##.#†.#....


P.P #.####....# # #.# #.# .#..# #. #.# ....!# #.# §§ §§.. #.. §§§ ~§# P. ~♣§ ~§.
You could see a bog body.

Vanquished Creatures
  Gastronok (Lair:1)
  Erolcha (D:10)
  A two-headed ogre (D:8)
  A skyshark (Lair:2)
  A bog body (Lair:3)
  Pikel (D:5)
  2 black mambas
  7 elephants
  A cane toad (Lair:2)
  An unseen horror (D:10)
  2 komodo dragons (Lair:1)
  Grinder (D:3)
  Prince Ribbit (D:8)
  A shadow (D:6)
  12 yaks
  A wyvern (D:6)
  2 basilisks
  Grum (D:10)
  An acid dragon (D:10)
  5 water moccasins
  4 orc warriors
  4 black bears
  3 ice beasts
  2 ogres
  A sky beast (D:6)
  18 wolves
  3 centaurs
  A lemure (D:5)
  A phantom (D:5)
  4 kobold brigands
  A bullfrog (D:7)
  5 scorpions
  A gnoll sergeant (D:7)
  7 wights
  4 killer bees (D:9)
  2 howler monkeys
  4 electric eels
  2 hounds
  10 orc priests
  2 jellies (D:4)
  An iguana (D:5)
  13 orc wizards
  15 gnolls
  3 adders
  3 white imps
  An ufetubus (D:6)
  7 worms
  2 dart slugs
  46 orcs
  8 ball pythons
  14 endoplasms
  A giant cockroach (D:4)
  7 goblins
  5 hobgoblins
  8 quokkas
  3 training dummies (D:10)
  4 bats
  A frilled lizard (D:1)
  30 kobolds
  8 rats
303 creatures vanquished.

Vanquished Creatures (collateral kills)
  5 foxfires
5 creatures vanquished.

Vanquished Creatures (others)
  1166 foxfires
  13 fungi
  35 plants
  8 toadstools (D:4)
1222 creatures vanquished.

Grand Total: 1530 creatures vanquished

Notes
Turn   | Place    | Note
-------+----------+-------------------------------------------
     0 | D:1      | retardedninja the Gnoll Fire Elementalist began the quest
                  | for the Orb.
     0 | D:1      | Reached XP level 1. HP: 13/13 MP: 6/6
   153 | D:1      | Reached XP level 2. HP: 19/19 MP: 4/7
   703 | D:1      | Reached skill level 5 in Spellcasting
   703 | D:1      | Reached XP level 3. HP: 25/25 MP: 5/9
  1210 | D:2      | Reached skill level 1 in Invocations
  1444 | D:2      | Reached skill level 1 in Fighting
  1444 | D:2      | Reached skill level 1 in Short Blades
  1444 | D:2      | Reached skill level 1 in Long Blades
  1444 | D:2      | Reached skill level 1 in Axes
  1444 | D:2      | Reached skill level 1 in Maces & Flails
  1444 | D:2      | Reached skill level 1 in Polearms
  1444 | D:2      | Reached skill level 1 in Staves
  1444 | D:2      | Reached skill level 1 in Ranged Weapons
  1444 | D:2      | Reached skill level 1 in Throwing
  1444 | D:2      | Reached skill level 1 in Armour
  1444 | D:2      | Reached skill level 1 in Shields
  1444 | D:2      | Reached skill level 1 in Unarmed Combat
  1444 | D:2      | Reached skill level 1 in Evocations
  1756 | D:2      | Reached XP level 4. HP: 32/32 MP: 7/11
  2124 | D:3      | Found Joypt's Antique Armour Boutique.
  2450 | D:3      | Found a blossoming altar of Fedhas.
  2490 | D:3      | Found a runed translucent door.
  2491 | D:3      | Noticed Crazy Yiuf
  2508 | D:3      | Found a snail-covered altar of Cheibriados.
  2622 | D:3      | Became a worshipper of Cheibriados the Contemplative
  2839 | D:3      | Found a glowing golden altar of the Shining One.
  2910 | D:3      | Reached skill level 1 in Hexes
  2910 | D:3      | Reached skill level 1 in Summonings
  2910 | D:3      | Reached skill level 1 in Necromancy
  2910 | D:3      | Reached skill level 1 in Translocations
  2910 | D:3      | Reached skill level 1 in Transmutations
  2910 | D:3      | Reached skill level 1 in Ice Magic
  2910 | D:3      | Reached skill level 1 in Air Magic
  2910 | D:3      | Reached skill level 1 in Earth Magic
  2910 | D:3      | Reached skill level 1 in Poison Magic
  2966 | D:3      | Noticed Grinder
  2975 | D:3      | Learned a level 2 spell: Scorch
  2979 | D:3      | Paralysed by Grinder for 3 turns
  2988 | D:3      | Killed Grinder
  2989 | D:3      | Reached skill level 5 in Dodging
  2989 | D:3      | Reached XP level 5. HP: 10/38 MP: 2/12
  2989 | D:3      | Reached XP level 6. HP: 11/44 MP: 2/14
  3115 | D:3      | Noticed an ice beast
  3124 | D:3      | Killed an ice beast
  3368 | D:4      | Found a stormy altar of Qazlal.
  3732 | D:4      | Found a basalt altar of Yredelemnul.
  3753 | D:4      | Found a hide-covered altar of Uskayaw.
  3753 | D:4      | Found a hazy altar of Hepliaklqana.
  3887 | D:4      | Reached XP level 7. HP: 40/50 MP: 0/15
  3972 | D:4      | Reached * piety under Cheibriados
  4401 | D:4      | Found a shimmering blue altar of Sif Muna.
  4530 | D:4      | Reached skill level 5 in Stealth
  4803 | D:5      | Entered Level 5 of the Dungeon
  5137 | D:5      | Reached XP level 8. HP: 42/58 MP: 6/16
  5445 | D:5      | Found an opulent altar of Gozag.
  5609 | D:5      | Reached skill level 6 in Spellcasting
  5735 | D:5      | Reached ** piety under Cheibriados
  6335 | D:6      | Noticed Pikel
  6532 | D:5      | Killed Pikel
  6749 | D:6      | Reached XP level 9. HP: 28/65 MP: 9/18
  7245 | D:6      | Found a staircase to the Ecumenical Temple.
  7262 | Temple   | Entered the Ecumenical Temple
  8886 | D:6      | Reached skill level 5 in Invocations
  9477 | D:7      | Reached skill level 7 in Spellcasting
  9557 | D:7      | Found a radiant altar of Vehumet.
  9563 | D:7      | Learned a level 4 spell: Flame Wave
  9615 | D:7      | Reached *** piety under Cheibriados
  9686 | D:7      | Found an iron altar of Okawaru.
  9704 | D:7      | Found an ornate altar of the Wu Jian Council.
  9963 | D:6      | Reached skill level 5 in Fighting
  9963 | D:6      | Reached skill level 5 in Short Blades
  9963 | D:6      | Reached skill level 5 in Long Blades
  9963 | D:6      | Reached skill level 5 in Axes
  9963 | D:6      | Reached skill level 5 in Maces & Flails
  9963 | D:6      | Reached skill level 5 in Polearms
  9963 | D:6      | Reached skill level 5 in Staves
  9963 | D:6      | Reached skill level 5 in Ranged Weapons
  9963 | D:6      | Reached skill level 5 in Throwing
  9963 | D:6      | Reached skill level 5 in Armour
  9963 | D:6      | Reached skill level 5 in Shields
  9963 | D:6      | Reached skill level 5 in Unarmed Combat
  9963 | D:6      | Reached skill level 5 in Evocations
  9963 | D:6      | Reached XP level 10. HP: 52/74 MP: 5/20
 10452 | D:7      | Found a white marble altar of Elyvilon.
 10515 | D:8      | Noticed a two-headed ogre
 10652 | D:8      | Noticed Prince Ribbit
 10661 | D:8      | Killed Prince Ribbit
 10661 | D:8      | Reached **** piety under Cheibriados
 10703 | D:8      | Noticed an elephant
 10954 | D:8      | Killed an elephant
 10955 | D:8      | Reached skill level 5 in Conjurations
 11065 | D:8      | Killed a two-headed ogre
 11394 | D:8      | Found a staircase to the Lair.
 11578 | D:8      | Found a shimmering altar of Xom.
 11767 | Lair:1   | Entered Level 1 of the Lair of Beasts
 12183 | D:9      | Reached ***** piety under Cheibriados
 12346 | D:9      | Found Bookod's Jewellery Shop.
 12371 | D:9      | Found a shadowy altar of Dithmenos.
 12875 | D:9      | Found a staircase to the Orcish Mines.
 12899 | D:9      | Found a runed translucent door.
 12901 | D:9      | Noticed jasper's ghost (novice TrDe)
 12904 | D:9      | Identified the +10 trident of Qehy {freeze, Fragile rF+++
                  | rC- rN+}
 13072 | D:10     | Entered Level 10 of the Dungeon
 13084 | D:10     | Noticed Erolcha
 13093 | D:10     | Killed Erolcha
 13094 | D:10     | Reached skill level 8 in Spellcasting
 13094 | D:10     | Reached skill level 5 in Hexes
 13094 | D:10     | Reached skill level 5 in Summonings
 13094 | D:10     | Reached skill level 5 in Necromancy
 13094 | D:10     | Reached skill level 5 in Translocations
 13094 | D:10     | Reached skill level 5 in Transmutations
 13094 | D:10     | Reached skill level 5 in Ice Magic
 13094 | D:10     | Reached skill level 5 in Air Magic
 13094 | D:10     | Reached skill level 5 in Earth Magic
 13094 | D:10     | Reached skill level 5 in Poison Magic
 13094 | D:10     | Reached XP level 11. HP: 81/81 MP: 10/23
 13212 | D:10     | Noticed Grum
 13234 | D:10     | Killed Grum
 13352 | D:10     | Found Muitap's Firing Range.
 13838 | D:10     | Noticed Nergalle
 13845 | D:10     | Noticed a spectral orc warlord
 13854 | D:10     | HP: 2/74 [spectral orc warlord/+0 battleaxe[Nergalle] (25)]
 14465 | Lair:1   | Noticed Gastronok
 14487 | Lair:1   | Killed Gastronok
 16560 | Lair:1   | Noticed an eight-headed hydra
 17588 | Lair:2   | Reached XP level 12. HP: 89/91 MP: 16/24
 17789 | Lair:2   | Reached skill level 9 in Spellcasting
 17934 | Lair:2   | Noticed a skyshark
 17966 | Lair:2   | Killed a skyshark
 18936 | Lair:3   | Found a hole to the Spider Nest.
 18949 | Lair:3   | Reached ****** piety under Cheibriados
 19233 | Lair:3   | Found a staircase to the Swamp.
 19247 | Lair:3   | Slain by a bog body

Illustrated notes

Levels and vault maps discovered:
D:1:      eino_arrival_druids_welcome, layout_basic, corexii_leaking_fountain
D:2:      layout_rooms, minivault_14, minmay_pentomino_o4
D:3:      cheibrodos_old_hovel, layout_loops_ring, fedhas_altar_1,
          general_overflow_altar, mainiacjoe_overflow_concentric_impassable,
          serial_shops, nicolae_shop_dealshenge, kennysheep_nondescript,
          uniq_grinder, uniq_crazy_yiuf_cottage
D:4:      cheibrodos_fertilizer, layout_layer_cave,
          mainiacjoe_overflow_brackets, led_sif_book,
          nicolae_qazlal_general_emergency, gammafunk_temple_overflow_elements
D:5:      layout_cave_pods, nicolae_gozag_cash_rules_everything_around_me
D:6:      layout_rooms, minmay_temple_entry_wispy, minivault_14,
          kb_lookout_dungeons_type, hangedman_decor_peaks_small,
          kennysheep_generic_room_14, uniq_pikel
D:7:      layout_rooms, mainiacjoe_overflow_tiny_flanked,
          nicolae_elyvilon_temple_path, okawaru_metal_pillars_1_2,
          nzn_wu_jian_contemplation, minmay_unpleasant_kobolds
D:8:      layout_cave_pools, lemuel_tele_altar, david_lair_generic,
          uniq_prince_ribbit1
D:9:      layout_basic, mainiacjoe_overflow_small_starburst, hiddenorc1_lemuel,
          ebering_ghost_funeral_grove, serial_shops, nicolae_shop_tiny_glass
D:10:     layout_grid_maze, nicolae_shop_firing_range, uniq_nergalle, uniq_grum,
          uniq_erolcha
Temple:   nicolae_temple_great_sept
Lair:1:   layout_loops_ring, grunt_forest_stairs_basic, hibernation_bobbens,
          uniq_gastronok
Lair:2:   layout_misc_corridors, grunt_megastairs_3, infiniplex_staircase_pool,
          serial_bayou_shore_a
Lair:3:   layout_small_grid, skrybe_swamp_entry_bodies,
          nicolae_spider_entry_non_spiders, lemuel_old_faithful,
          lemuel_fruit_tree, infiniplex_staircase_pool_2, lemuel_fruit_fields

Skill      XL: |  1  2  3  4  5  6  7  8  9 10 11 12 |
---------------+-------------------------------------+-----
Conjurations   | 2 3 4 5 6 |  6.6
Spellcasting   | 5 6 7 8 9 |  9.1
Invocations    | 1 2 3 4 5 6 7 8 |  8.2
Fighting       | 1 2 3 5 6 7 |  7.5
Short Blades   | 1 2 3 5 6 7 |  7.5
Long Blades    | 1 2 3 5 6 7 |  7.5
Axes           | 1 2 3 5 6 7 |  7.5
Maces & Flails | 1 2 3 5 6 7 |  7.5
Polearms       | 1 2 3 5 6 7 |  7.5
Staves         | 1 2 3 5 6 7 |  7.5
Ranged Weapons | 1 2 3 5 6 7 |  7.5
Throwing       | 1 2 3 5 6 7 |  7.5
Armour         | 1 2 3 5 6 7 |  7.5
Shields        | 1 2 3 5 6 7 |  7.5
Unarmed Combat | 1 2 3 5 6 7 |  7.5
Evocations     | 1 2 3 5 6 7 |  7.5
Hexes          | 1 2 3 4 5 6 |  6.2
Summonings     | 1 2 3 4 5 6 |  6.2
Necromancy     | 1 2 3 4 5 6 |  6.2
Translocations | 1 2 3 4 5 6 |  6.2
Transmutations | 1 2 3 4 5 6 |  6.2
Ice Magic      | 1 2 3 4 5 6 |  6.2
Air Magic      | 1 2 3 4 5 6 |  6.2
Earth Magic    | 1 2 3 4 5 6 |  6.2
Poison Magic   | 1 2 3 4 5 6 |  6.2
Dodging        | 5 6 7 8 |  8.9
Stealth        | 5 6 7 8 |  8.6
Fire Magic     | 6 7 8 |  8.4

Action                     |  1- 3 |  4- 6 |  7- 9 | 10-12 || total
---------------------------+-------+-------+-------+-------++-------
  Melee: Flail             |       |     9 |       |       ||     9
         Bite              |       |     1 |       |     7 ||     8
         Unarmed           |       |     1 |       |       ||     1
         Staff             |       |       |     1 |    57 ||    58
         Punch             |       |       |       |     5 ||     5
   Cast: Foxfire           |   114 |    53 |   232 |   308 ||   707
         Scorch            |       |    12 |    42 |    53 ||   107
         Flame Wave        |       |       |     2 |    36 ||    38
 Invoke: Temporal Distorti |       |       |       |     1 ||     1
  Evoke: Wand              |       |       |       |     5 ||     5
    Use: Scroll            |       |       |    12 |     8 ||    20
         Potion            |       |       |     3 |    10 ||    13
 Armour: Robe              |     3 |    21 |    50 |   139 ||   213
  Dodge: Dodged            |     9 |    42 |   111 |   543 ||   705

Table legend: (Time is in decaauts)
 A = Elapsed time spent in this place.
 B = Non-inter-level travel time spent in this place.
 C = Inter-level travel time spent in this place.
 D = Time resting spent in this place.
 E = Time spent auto-exploring this place.
 F = Levels seen in this place.
 G = Mean time per level.
                   A        B        C        D        E       F      G
               +--------+--------+--------+--------+--------+-----+--------+
         Total |  23359 |  22260 |   1099 |   5176 |  14163 |  14 | 1668.5 |
       Dungeon |  16813 |  15911 |    902 |   2892 |  10819 |  10 | 1681.3 |
        Temple |    154 |    139 |     15 |      0 |    127 |   1 |  154.0 |
          Lair |   6391 |   6210 |    181 |   2283 |   3217 |   3 | 2130.3 |
               +--------+--------+--------+--------+--------+-----+--------+

Top non-repeatable levels by time:
  Lair:1: 3901 daAuts
     D:6: 3289 daAuts
     D:5: 2128 daAuts
     D:9: 1881 daAuts
  Lair:2: 1789 daAuts
    D:10: 1528 daAuts
     D:4: 1521 daAuts
     D:3: 1456 daAuts
     D:8: 1395 daAuts
     D:7: 1366 daAuts
     D:1: 1291 daAuts
     D:2: 953 daAuts
  Lair:3: 700 daAuts
  Temple: 154 daAuts
